 Dungeon Crawl Stone Soup version 0.29.1-15-g9cfb28693d (webtiles) character file.

Game seed: 10831912923469490912

375 kingofthe the Conjurer (level 6, 0/32 HPs)
             Began as a Deep Elf Conjurer on Mar 9, 2023.
             Was an Initiate of Sif Muna.
             Slain by a centaur
             ... wielding a +0 lajatang
              (4 damage)
             ... on level 4 of the Dungeon.
             The game lasted 00:10:45 (4295 turns).

kingofthe the Conjurer (Deep Elf Conjurer)          Turns: 4295, Time: 00:10:45

Health: 0/32       AC:  0    Str:  4    XL:     6   Next: 44%
Magic:  16/16      EV: 15    Int: 25    God:    Sif Muna [......]
Gold:   199        SH:  0    Dex: 13    Spells: 9/16 levels left

rFire   . . .      SeeInvis .   (weapon currently unavailable)
rCold   . . .      Faith    .   (shield currently unavailable)
rNeg    . . .      Spirit   .   (body armour currently unavailable)
rPois   .          Reflect  .   (helmet currently unavailable)
rElec   .          Harm     .   (cloak currently unavailable)
rCorr   .          Rampage  .   (gloves currently unavailable)
Will    .....                   (boots currently unavailable)
Stlth   ++........              m - amulet of regeneration
HPRegen 0.90/turn               (ring currently unavailable)
MPRegen 0.15/turn               (ring currently unavailable)

@: about to teleport, pig-form, very quick
A: fast, no casting, small
a: Renounce Religion


You were on level 4 of the Dungeon.
You worshipped Sif Muna.
Sif Muna was noncommittal.
You were a filthy swine.
You visited 2 branches of the dungeon, and saw 7 of its levels.

You collected 342 gold pieces.
You spent 143 gold pieces at shops.


   Skills:
 - Level 4.0 Dodging
 - Level 3.0 Stealth
 + Level 5.5 Spellcasting
 + Level 5.8 Conjurations
 * Level 3.8 Hexes


You had 9 spell levels left.
You knew the following spells:

 Your Spells              Type           Power      Damage    Failure   Level
a - Magic Dart            Conj           100%       1d8       1%          1
b - Searing Ray           Conj           72%        2d7       1%          2
c - Fulminant Prism       Conj/Hex       15%        3d11      11%         4

Your spell library contained the following spells:

 Spells                   Type           Power      Damage    Failure   Level
 Dazzling Flash           Conj/Hex       62%        N/A       3%          3
 Tukima's Dance           Hex            26%        N/A       4%          3
 Iskenderun's Mystic Bla  Conj/Tloc      21%        2d6       24%         4
 Passage of Golubria      Tloc           6%         N/A       61%         4
 Summon Ice Beast         Ice/Summ       6%         N/A       61%         4
 Summon Lightning Spire   Summ/Air       6%         N/A       61%         4
 Summon Mana Viper        Hex/Summ       16%        N/A       69%         5
 Yara's Violent Unravell  Hex/Tmut       8%         3d5       69%         5
 Summon Forest            Summ/Tloc      3%         N/A       91%         5
 Eringya's Noxious Bog    Tmut/Pois      3%         N/A       100%        6
 Monstrous Menagerie      Summ           3%         N/A       100%        7
 Storm Form               Tmut/Air       3%         N/A       100%        7
 Summon Hydra             Summ           3%         N/A       100%        7
 Maxwell's Capacitive Co  Air            3%         ∞         100%        8

Inventory:

Hand Weapons
 n - a +2 short sword of speed (melded)
Armour
 a - a +0 robe (melded)
 e - a +0 pair of gloves (melded)
 i - a +1 pair of boots (melded)
 p - a +0 helmet
Jewellery
 m - an amulet of regeneration (around neck)
Wands
 l - a wand of polymorph (9)
Scrolls
 c - 2 scrolls of immolation
 h - a scroll of poison {unknown}
 k - a scroll of torment
 r - a scroll of noise {unknown}
 s - a scroll of enchant armour
 u - a scroll of amnesia
Potions
 b - a potion of magic
 d - 2 potions of degeneration
 g - a potion of lignification {unknown}
 j - 5 potions of curing {@q1}
 o - a potion of might
 q - a potion of mutation {unknown}
 t - a potion of haste {@q3}
 v - a potion of heal wounds {@q2}

Dungeon Overview and Level Annotations

Branches:
Dungeon (6/15)             Temple (1/1) D:4

Altars:
Ashenzari
Cheibriados
Elyvilon
Gozag
Hepliaklqana
Kikubaaqudgha
Nemelex Xobeh
Okawaru
Qazlal
Ru
Sif Muna
Trog
Uskayaw
Vehumet
Wu Jian
Xom
Yredelemnul
Zin
The Shining One

Shops:
D:2 : D:3

! ..####
###.........# .....##
#............
##....##
##...#########
###...## ##...##
##...## ##[...#
#.>..#########....##
##................##
#
##.........)......###
##
##...###..h........##
# .# #####
####c........### #
<##
##....###....#####
..# #...###
###....##. ..# ##...#
##...... ..# ##...##
##..... ..# #...##
#...#. ..# ##..##
#...## ..# ##c.##
#...##


You could see a centaur.


Message History

A centaur is nearby!
The centaur shouts!
The centaur shoots an arrow.
The arrow hits you!
The centaur shoots an arrow.
The arrow hits you.
The centaur zaps a wand.
You turn into a filthy swine.
Your +2 short sword of speed melds into your body.
Your +0 pair of gloves melds into your body.
Your +1 pair of boots melds into your body.
Your +0 robe melds into your body.
The centaur shoots an arrow.
The arrow closely misses you.
The centaur shoots an arrow.
The arrow hits you.
* * * LOW HITPOINT WARNING * * *
The centaur shoots an arrow.
The arrow hits you!
* * * LOW HITPOINT WARNING * * *
You feel better.
Okay, then.
You start resting.
A centaur is nearby!
The centaur unwields a +0 shortbow.
The centaur wields a +0 lajatang.
The centaur hits you with a +0 lajatang!!
Ouch! That really hurt!
* * * LOW HITPOINT WARNING * * *
The centaur misses you.
As you read the scroll of teleportation {@r2}, it crumbles to dust.
You feel strangely unstable. The centaur misses you. x2
The centaur barely misses you. The centaur closely misses you.
You hit the centaur.
The centaur is lightly wounded.
The centaur hits you with a +0 lajatang.
You die...

Skill      XL: |  1  2  3  4  5 |
---------------+----------------+-----
Dodging        | 3 4 |  4.0
Stealth        | 3 |  3.0
Spellcasting   | 4 5 |  5.5
Conjurations   | 5 |  5.8
Hexes          | 3 |  3.8

Action                   |  1- 3 |  4- 6 || total
-------------------------+-------+-------++-------
Melee: Unarmed           |       |     1 ||     1
 Cast: Magic Dart        |    57 |    26 ||    83
       Searing Ray       |     3 |    15 ||    18
  Use: Scroll            |       |    10 ||    10
       Potion            |       |     1 ||     1
Armor: Robe              |       |     4 ||     4
Dodge: Dodged            |     5 |    20 ||    25

Levels and vault maps discovered:
D:1:      lightli_arrival_statue_moat, layout_basic
D:2:      layout_loops_corners, dreamdust_ecumenical_altar_sealed_demon,
          nicolae_shop_vocational
D:3:      layout_basic, mainiacjoe_overflow_alcove_1, serial_shops, shop
D:4:      layout_layer_cave, minmay_temple_entry_statues_fountains,
          glass_columns_a, hangedman_glass_teeth, uniq_blork_the_orc
D:5:      layout_loops_ring, grunt_ministairs_13, chequers_serial_rivers_large_a
D:6:      layout_basic, serial_bayou_lagoon_a
Temple:   nicolae_temple_two_arcs

Notes
Turn   | Place    | Note
-------+----------+-------------------------------------------
     0 | D:1      | kingofthe the Deep Elf Conjurer began the quest for the
                  | Orb.
     0 | D:1      | Reached XP level 1. HP: 10/10 MP: 6/6
   524 | D:1      | Reached XP level 2. HP: 15/15 MP: 5/8
   527 | D:1      | Learned a level 2 spell: Searing Ray
  1120 | D:2      | Found Noefoumu's Vocational Training.
  1248 | D:2      | Reached skill level 3 in Dodging
  1320 | D:2      | Reached XP level 3. HP: 19/19 MP: 6/10
  1605 | D:2      | Reached skill level 3 in Stealth
  1699 | D:2      | Reached skill level 4 in Spellcasting
  2017 | D:2      | Found a faded altar of an unknown god.
  2017 | D:2      | Noticed a red devil
  2488 | D:3      | You fall into a shaft and drop 3 floors!
  2510 | D:5      | Entered Level 5 of the Dungeon
  2523 | D:5      | Reached skill level 5 in Conjurations
  2523 | D:5      | Reached XP level 4. HP: 24/24 MP: 7/12
  2680 | D:5      | Reached skill level 4 in Dodging
  2680 | D:5      | Reached XP level 5. HP: 28/28 MP: 9/14
  2685 | D:5      | Learned a level 4 spell: Fulminant Prism
  2764 | D:5      | Reached skill level 1 in Hexes
  2764 | D:5      | Identified the +2 leather armour of Agyomeg {-Cast Contam
                  | rPois rF+++}
  3081 | D:4      | Reached skill level 5 in Spellcasting
  3081 | D:4      | Reached skill level 2 in Hexes
  3234 | D:4      | Reached skill level 3 in Hexes
  3234 | D:4      | Reached XP level 6. HP: 32/32 MP: 8/15
  3359 | D:3      | Found a white marble altar of Elyvilon.
  3525 | D:3      | Found Riteytau's Distillery.
  3533 | D:3      | Bought a potion of heal wounds for 65 gold pieces
  3533 | D:3      | Bought a potion of curing for 39 gold pieces
  3533 | D:3      | Bought a potion of curing for 39 gold pieces
  3964 | D:4      | Noticed Blork the orc
  3973 | D:4      | Killed Blork the orc
  4110 | D:4      | Found a staircase to the Ecumenical Temple.
  4120 | Temple   | Entered the Ecumenical Temple
  4128 | Temple   | Became a worshipper of Sif Muna the Loreminder
  4293 | D:4      | HP: 3/32 [centaur/+0 lajatang (20)]
  4295 | D:4      | Slain by a centaur

Vanquished Creatures
  Blork the orc (D:4)
  A bullfrog (D:4)
  A hound (D:4)
  3 iguanas
  An orc wizard (D:5)
  5 adders
  A white imp (D:5)
  2 worms
  An orc (D:5)
  4 endoplasms
  A giant cockroach (D:1)
  10 goblins
  3 hobgoblins
  3 jackals (D:3)
  A quokka (D:1)
  6 ball pythons
  A bat (D:3)
  6 frilled lizards
  8 kobolds
  2 rats
61 creatures vanquished.

Vanquished Creatures (others)
  2 demonic plants (D:2)
2 creatures vanquished.

Grand Total: 63 creatures vanquished

Table legend: (Time is in decaauts)
 A = Elapsed time spent in this place.
 B = Non-inter-level travel time spent in this place.
 C = Inter-level travel time spent in this place.
 D = Time resting spent in this place.
 E = Time spent auto-exploring this place.
 F = Levels seen in this place.
 G = Mean time per level.
                   A        B        C        D        E       F      G
               +--------+--------+--------+--------+--------+-----+--------+
         Total |   4291 |   4191 |    100 |    172 |   3565 |   7 |  613.0 |
       Dungeon |   4172 |   4078 |     94 |    172 |   3467 |   6 |  695.3 |
        Temple |    118 |    112 |      6 |      0 |     98 |   1 |  118.0 |
               +--------+--------+--------+--------+--------+-----+--------+

Top non-repeatable levels by time:
     D:1: 1120 daAuts
     D:4: 1025 daAuts
     D:2: 1020 daAuts
     D:3: 726 daAuts
     D:5: 258 daAuts
  Temple: 118 daAuts
     D:6: 21 daAuts

Table legend:
 A = Non-vault XP
 B = Vault XP
 C = Vault XP percentage of total XP
 D = Non-vault monster count
 E = Vault monster count
 F = Vault count percentage of total count
                 A         B        C        D         E       F
            +---------+---------+-------+---------+---------+-------
      Total |     368 |     168 |  31.3 |      58 |       3 |   4.9
            +---------+---------+-------+---------+---------+-------
        D:1 |      22 |       0 |   0.0 |      13 |       0 |   0.0
        D:2 |      53 |       0 |   0.0 |      16 |       0 |   0.0
        D:3 |      15 |       0 |   0.0 |      10 |       0 |   0.0
        D:4 |     185 |      96 |  34.2 |      12 |       1 |   7.7
        D:5 |      93 |      72 |  43.6 |       7 |       2 |  22.2
            +---------+---------+-------+---------+---------+-------
